 Dungeon Crawl Stone Soup version 0.21.1-1-g345015f (webtiles) character file.

9 lotte the Magician (level 2, 0/15 HPs)
             Began as a Deep Elf Wizard on July 1, 2018.
             Succumbed to an adder's poison
             ... on level 1 of the Dungeon.
             The game lasted 00:03:10 (710 turns).

lotte the Magician (Deep Elf Wizard)                 Turns: 710, Time: 00:03:11

Health: 0/15       AC:  4    Str:  4    XL:     2   Next: 6%
Magic:  1/10       EV: 13    Int: 22    God:
Gold:   38         SH:  0    Dex: 13    Spells: 8/11 levels left

rFire    . . .     SeeInvis .   g - +0 hand axe
rCold    + . .     Gourm    .   (no shield)
rNeg     . . .     Faith    .   e - +2 robe {rC+}
rPois    .         Spirit   .   b - +0 hat
rElec    .         Reflect  .   (no cloak)
rCorr    .         Harm     .   (no gloves)
MR       .....                  (no boots)
Stlth    ++........             (no amulet)
HPRegen  0.05/turn              (no ring)
MPRegen  0.12/turn              (no ring)

@: lethally poisoned (0 -> -10), very slightly contaminated
A: no striking features
a: no special abilities


You were on level 1 of the Dungeon.
You were not hungry.

You visited 1 branch of the dungeon, and saw 2 of its levels.

You collected 38 gold pieces.

Inventory:

Hand Weapons
 g - a +0 hand axe (weapon)
Armour
 a - a +0 robe
 b - a +0 hat (worn)
 e - a +2 robe of cold resistance (worn)
Scrolls
 f - 2 scrolls of enchant weapon {unknown}
 l - 3 scrolls of remove curse {unknown}
 m - a scroll of teleportation {unknown}
Potions
 h - a potion of magic {unknown}
 i - 2 potions of curing {unknown}
 j - a potion of degeneration {unknown}
Books
 c - a book of Minor Magic

   Spells                             Type                      Level
   a - Magic Dart                     Conjuration                  1
   b - Blink                          Translocation                2
   c - Call Imp                       Summoning                    2
   d - Slow                           Hexes                        2
   e - Conjure Flame                  Conjuration/Fire             3
   f - Mephitic Cloud                 Conjuration/Poison/Air       3
Comestibles
 d - 2 rations
 k - a chunk of flesh


   Skills:
 - Level 2.4 Dodging
 - Level 2.5 Stealth
 + Level 5.0 Spellcasting
 * Level 1.3 Conjurations
 + Level 1.1 Summonings
   Level 1.1 Translocations


You had 8 spell levels left.
You knew the following spells:

 Your Spells              Type           Power        Failure   Level  Hunger
a - Magic Dart            Conj           ##..         6%          1    None
b - Call Imp              Summ           ##......     10%         2    None


Dungeon Overview and Level Annotations

Branches:
Dungeon (2/15)

Altars:


Message History

* * * LOW HITPOINT WARNING * * *
The adder closely misses you.
There is a stone staircase leading up here.
The adder bites you but does no damage.
You climb upwards.
There is a stone staircase leading down here.
Unknown command.
Casting: Call Imp
Confirm with . or Enter, or press ? or * to list all spells.
A beastly little devil appears in a puff of flame.
The adder barely misses you. The adder misses you.
Your crimson imp barely misses the adder.
Your crimson imp hits the adder.
The adder bites you.
* * * LOW HITPOINT WARNING * * *
You are lethally poisoned!
The adder poisons you!
Your crimson imp barely misses the adder.
The adder misses you.
You die...

#........................# #
#........................# #
#...................#....# ##
#......#..(.....#........# #.
#......#........#........###.
#......+..>.....'..........#.
###...##........#..........#.
#.....##..S5.................
#.....####..@................
#.....# ##.#+####...........
##....## #..................
#......# #..................
#......# ##..................
#......# #...........#######+
#......####...............###+
#.............................
#...............######........


You could see an adder and a friendly crimson imp.

Vanquished Creatures
  2 bats
  A goblin (D:1)
  2 hobgoblins
  2 frilled lizards
  A kobold (D:1)
  A rat (D:1)
9 creatures vanquished.

Notes
Turn   | Place    | Note
-------+----------+-------------------------------------------
     0 | D:1      | lotte the Deep Elf Wizard began the quest for the Orb.
     0 | D:1      | Reached XP level 1. HP: 10/10 MP: 7/7
   550 | D:2      | Reached skill level 5 in Spellcasting
   550 | D:2      | Reached XP level 2. HP: 15/15 MP: 3/10
   554 | D:2      | Learned a level 2 spell: Call Imp
   710 | D:1      | Succumbed to an adder's poison

Skill      XL: |  1 |
---------------+----+-----
Spellcasting   | 5 |  5.0
Dodging        | |  2.4
Stealth        | |  2.5
Conjurations   | |  1.3
Summonings     | |  1.1
Translocations | |  1.1

Action                   || total
-------------------------++-------
 Cast: Magic Dart        ||    17
       Call Imp          ||     4
Armor: Robe              ||     2
Dodge: Dodged            ||    18
